Map: Mech Depot LE

Players

Cham

  • Race: Zerg Zerg
  • Spawn Location: 7:00

Scarlett - Winner!

  • Race: Protoss Protoss
  • Spawn Location: 1:00

Event: WCS Montreal 2017

VOD

Have the link to the VOD?

Description

Time

  • Played on: Sept. 8, 2017, 6:59 p.m.
  • Length: 10:16

All games in this series

Show
View Real Time Build Order
Export as new Build Order

Cham Zerg 

Build Orders: Hatch First, Muta Ling Bane 

Get SALT Encoding   

  12  0:01  Drone  
  13  0:08  Drone  
  14  0:16  Overlord  
  14  0:35  Drone  
  15  0:45  Hatchery  
  15  0:48  Drone  
  15  0:52  Drone  
  15  0:55  Drone  
  17  1:01  Drone  
  18  1:09  Extractor  
  17  1:14  Spawning Pool  
  17  1:18  Drone  
  17  1:23  Drone  
  18  1:32  Drone  
  19  1:43  Drone  
  20  1:49  Hatchery  
  19  1:56  Drone  
  19  1:57  Drone  
  21  2:04  Queen  
  23  2:09  Drone  
  23  2:14  Overlord  
  24  2:18  Drone  
  25  2:26  Drone  
  25  2:28  Queen  
  28  2:33  Drone  
  28  2:36  Metabolic Boost  
  29  2:42  Queen  
  31  2:46  Zergling x2  
  31  2:48  Zergling x2  
  31  2:50  Zergling x2  
  34  2:54  Overlord  
  34  3:02  Overlord  
  34  3:03  Zergling x2  
  34  3:04  Drone x2  
  37  3:10  Queen  
  39  3:16  Spore Crawler, Drone  
  39  3:17  Drone  
  40  3:22  Spore Crawler  
  40  3:23  Drone  
  40  3:25  Drone  
  41  3:28  Zergling x2  
  41  3:30  Zergling x2  
  41  3:32  Drone  
  44  3:36  Drone  
  44  3:37  Drone  
  44  3:40  Overlord  
  46  3:47  Overlord  
  46  3:49  Zergling x4  
  48  3:59  Zergling x4  
  49  4:03  Drone x3  
  49  4:07  Drone x3  
  49  4:08  Drone x2  
  54  4:13  Queen  
  54  4:15  Zergling x4  
  58  4:18  Overlord  
  58  4:29  Overlord  
  58  4:30  Zergling x2  
  58  4:31  Overlord  
  57  4:39  Drone x2  
  57  4:40  Drone x4  
  57  4:41  Drone  
  57  4:42  Drone  
  65  4:46  Drone  
  65  4:47  Overlord  
  65  4:50  Drone x4  
  69  4:53  Lair  
  69  4:58  Drone  
  69  4:59  Drone  
  71  5:03  Extractor  
  71  5:04  Drone x2  
  71  5:05  Drone x2, Evolution Chamber  
  72  5:08  Zergling x2  
  72  5:10  Zergling x2  
  72  5:11  Zergling x2  
  72  5:12  Zergling x2  
  74  5:16  Zergling x4  
  74  5:18  Baneling Nest  
  74  5:20  Drone x3  
  78  5:24  Overlord, Drone, Extractor  
  78  5:26  Extractor  
  78  5:27  Extractor, Drone  
  78  5:28  Extractor  
  76  5:32  Zergling x2  
  76  5:33  Overlord  
  76  5:34  Drone x2  
  79  5:37  Drone x2  
  79  5:38  Spore Crawler  
  80  5:44  Drone  
  80  5:45  Zerg Melee Weapons Level 1  
  79  5:56  Drone x2  
  77  5:59  Drone x2  
  77  6:02  Drone x2  
  77  6:03  Drone x2  
  79  6:04  Drone x2  
  79  6:05  Drone x2  
  79  6:08  Spire  
  82  6:13  Zergling x4  
  82  6:16  Zergling x2  
  85  6:19  Zergling x8  
  84  6:27  Zergling x2  
  84  6:28  Drone  
  79  6:34  Drone  
  79  6:35  Drone x3  
  79  6:38  Drone x4  
  85  6:43  Drone x2  
  85  6:47  Hydralisk Den, Drone x3  
  88  6:50  Overlord  
  88  6:53  Spore Crawler  
  88  6:55  Overlord  
  88  6:56  Hatchery  
  88  7:02  Overlord  
  88  7:09  Overlord  
  88  7:10  Drone x2  
  88  7:15  Hatchery  
  86  7:19  Mutalisk x7  
  86  7:22  Mutalisk x2  
  95  7:26  Queen  
  95  7:27  Queen  
  95  7:29  Mutalisk  
  100  7:37  Mutalisk  
  100  7:42  Drone x6  
  100  7:43  Drone  
  100  7:46  Drone x3  
  100  7:50  Spore Crawler  
  100  7:51  Drone x3  
  100  7:57  Hydralisk Den, Drone  
  100  7:59  Drone x3  
  100  8:01  Drone  
  100  8:04  Drone  
  105  8:16  Overlord  
  105  8:17  Centrifical Hooks  
  105  8:25  Hydralisk x2  
  105  8:26  Hydralisk  
  107  8:27  Zergling x2  
  107  8:28  Zergling x6  
  107  8:32  Queen  
  107  8:33  Drone  
  114  8:34  Hydralisk x2  
  114  8:35  Hydralisk  
  114  8:36  Overlord  
  114  8:39  Hydralisk  
  114  8:41  Spore Crawler, Hydralisk  
  121  8:45  Overlord  
  121  8:48  Drone x2  
  122  8:49  Hydralisk x2  
  122  8:50  Zergling x4  
  122  8:52  Zergling x4  
  122  8:53  Baneling x2  
  122  8:54  Baneling  
  128  8:56  Hydralisk  
  128  8:57  Zergling x2  
  128  9:00  Hydralisk  
  128  9:02  Hydralisk  
  131  9:11  Hydralisk x2  
  131  9:14  Hydralisk  
  126  9:18  Drone x10  
  126  9:22  Hydralisk x2  
  110  9:26  Hydralisk  
  103  9:33  Hydralisk x3  
  98  9:38  Hydralisk  
  98  9:41  Hydralisk  
  98  9:50  Hydralisk x2  
Show
View Real Time Build Order
Export as new Build Order

Scarlett Protoss - Winner!

Build Orders: 1 Gate Expand, Oracle Opening 

Get SALT Encoding   

  12  0:00  Probe (Chrono Boost)  
  13  0:11  Probe (Chrono Boost)  
  14  0:18  Pylon  
  14  0:22  Probe (Chrono Boost)  
  15  0:33  Assimilator  
  15  0:36  Probe (Chrono Boost)  
  16  0:43  Gateway  
  16  0:47  Probe (Chrono Boost)  
  17  0:57  Probe (Chrono Boost)  
  18  1:08  Probe (Chrono Boost)  
  20  1:18  Probe (Chrono Boost)  
  20  1:22  Nexus  
  20  1:32  Cybernetics Core  
  20  1:36  Probe (Chrono Boost)  
  21  1:41  Assimilator  
  21  1:46  Probe (Chrono Boost)  
  22  1:49  Pylon  
  22  1:57  Probe (Chrono Boost)  
  23  2:07  Probe (Chrono Boost)  
  23  2:08  Stalker (Chrono Boost)  
  26  2:16  Stargate  
  26  2:20  Probe  
  27  2:26  Warp Gate  
  27  2:32  Probe (Chrono Boost)  
  27  2:34  Probe (Chrono Boost), Adept  
  31  2:43  Probe (Chrono Boost)  
  32  2:45  Probe (Chrono Boost)  
  33  2:53  Probe (Chrono Boost)  
  33  2:54  Probe (Chrono Boost)  
  35  3:00  Oracle (Chrono Boost)  
  35  3:03  Adept  
  35  3:04  Probe x2  
  41  3:09  Pylon  
  42  3:15  Probe  
  42  3:17  Probe  
  44  3:20  Gateway  
  44  3:25  Probe  
  45  3:29  Probe  
  45  3:30  Adept  
  48  3:37  Probe  
  48  3:38  Void Ray (Chrono Boost)  
  48  3:40  Assimilator  
  53  3:44  Pylon  
  53  3:47  Assimilator  
  53  3:48  Probe  
  54  4:00  Probe  
  55  4:06  Probe  
  54  4:11  Probe  
  55  4:18  Probe  
  55  4:20  Oracle (Chrono Boost)  
  55  4:21  Probe  
  60  4:24  Pylon  
  60  4:30  Probe  
  60  4:40  Adept  
  60  4:41  Nexus  
  60  4:43  Probe, Adept  
  60  4:44  Pylon  
  60  4:45  Probe  
  65  4:54  Probe  
  65  4:55  Stargate  
  65  4:59  Oracle (Chrono Boost)  
  69  5:00  Probe  
  69  5:03  Mothership Core  
  72  5:12  Probe  
  73  5:14  Stargate  
  73  5:23  Probe, Pylon  
  73  5:24  Probe  
  75  5:30  Oracle (Chrono Boost)  
  75  5:34  Pylon  
  78  5:40  Probe  
  78  5:41  Probe  
  83  5:46  Oracle (Chrono Boost)  
  83  5:47  Twilight Council, Forge  
  83  5:50  Probe  
  83  5:53  Probe  
  83  5:54  Probe  
  83  5:55  Adept x2  
  90  6:01  Probe  
  90  6:02  Oracle (Chrono Boost)  
  93  6:04  Probe  
  93  6:05  Probe  
  95  6:11  Probe  
  95  6:15  Probe  
  95  6:16  Assimilator  
  95  6:17  Probe  
  97  6:18  Adept x2  
  97  6:19  Assimilator  
  97  6:22  Probe  
  101  6:26  Probe  
  101  6:27  Oracle (Chrono Boost)  
  101  6:29  Probe  
  101  6:32  Probe  
  105  6:35  Oracle (Chrono Boost)  
  105  6:36  Probe  
  105  6:38  Charge  
  101  6:42  Probe  
  101  6:43  Probe, Protoss Ground Armor Level 1 (Chrono Boost)  
  103  6:48  Probe  
  103  6:49  Gateway  
  103  6:51  Gateway  
  103  6:52  Photon Cannon  
  103  6:54  Probe  
  105  6:55  Probe  
  105  7:00  Probe, Zealot  
  109  7:01  Pylon  
  109  7:03  Pylon  
  109  7:14  Pylon  
  109  7:25  Zealot x2  
  116  7:42  Phoenix  
  116  7:45  Phoenix x2  
  106  7:52  Photon Cannon  
  106  7:53  Pylon  
  106  7:54  Photon Cannon  
  106  7:59  Gateway  
  106  8:01  Gateway  
  106  8:03  Zealot x4  
  114  8:07  Photon Cannon  
  114  8:10  Phoenix x2 (Chrono Boost)  
  114  8:11  Protoss Ground Weapons Level 1  
  120  8:14  Phoenix (Chrono Boost)  
  119  8:29  Fleet Beacon  
  119  8:32  Zealot, Phoenix (Chrono Boost)  
  125  8:34  Zealot  
  125  8:35  Phoenix (Chrono Boost)  
  125  8:38  Nexus  
  125  8:39  Phoenix (Chrono Boost)  
  125  8:40  Zealot x2  
  133  8:47  Pylon  
  133  8:49  Pylon  
  133  8:54  Phoenix (Chrono Boost)  
  135  8:57  Zealot  
  144  9:19  Zealot x4  
  144  9:20  Zealot x2  
  142  9:32  Probe x3  
  137  9:43  Zealot x5  
  137  9:44  Probe  
  148  9:47  Probe  
  148  9:49  Pylon  
  148  9:50  Probe x2  
  146  9:56  Probe  
  146  9:59  Probe  
  140  10:01  Probe  
  140  10:02  Probe  
Tags
 
Add a new tag
Caveats
  • Supply blocks, unpowered buildings, or Contaminate may cause inaccurate times.
  • Supply counts are checked every 10 seconds.